 Dungeon Crawl Stone Soup version 0.29-a0-96-g93358da72b (webtiles) character file.

Game seed: 10024141936472766962

326 enile the Skirmisher (level 6, 0/63 HPs)
             Began as an Ogre Fire Elementalist on Feb 12, 2022.
             Was a Priest of Cheibriados.
             Succumbed to an adder's poison
             ... on level 4 of the Dungeon.
             The game lasted 00:04:55 (5036 turns).

enile the Skirmisher (Ogre Fire Elementalist)       Turns: 5036, Time: 00:04:56

Health: 0/63       AC:  3    Str: 16 (19) XL:     6   Next: 49%
Magic:  1/12       EV: 10    Int: 22 (24) God:    Cheibriados [***...]
Gold:   123        SH:  0    Dex: 13 (15) Spells: 10/13 levels left

rFire   x . .      SeeInvis .   k - +0 war axe
rCold   + . .      Faith    .   (no shield)
rNeg    . . .      Spirit   +   a - +0 robe
rPois   .          Reflect  .   (helmet restricted)
rElec   .          Harm     .   (no cloak)
rCorr   .          Rampage  .   (gloves unavailable)
Will    .....                   (boots unavailable)
Stlth   ++........              b - amulet of guardian spirit
HPRegen 0.20/turn               j - ring of ice
MPRegen 0.13/turn               (no ring)

@: lethally poisoned (0 -> -2), on berserk cooldown, slowed, very slow
A: large, unfitting armour, tough skin 1
a: Renounce Religion, Bend Time, Temporal Distortion


You were on level 4 of the Dungeon.
You worshipped Cheibriados.
Cheibriados was most pleased with you.
You visited 1 branch of the dungeon, and saw 4 of its levels.

You collected 123 gold pieces.

Inventory:

Hand Weapons
 c - a +0 whip
 k - a +0 war axe (weapon)
Armour
 a - a +0 robe (worn)
Jewellery
 b - an amulet of guardian spirit (around neck)
 j - a ring of ice (left hand)
Scrolls
 f - a scroll of identify
 h - a scroll of holy word
Potions
 e - a potion of degeneration


   Skills:
 + Level 4.4 Fighting
 - Level 2.0 Dodging
 - Level 1.7 Stealth
 - Level 4.0 Spellcasting
 - Level 1.2 Conjurations
 - Level 4.0 Fire Magic
 - Level 2.0 Invocations


You had 10 spell levels left.
You knew the following spells:

 Your Spells              Type           Power      Damage    Failure   Level
a - Foxfire               Conj/Fire      64%        2x1d7     3%          1
b - Scorch                Fire           44%        2d7       3%          2

Your spell library contained the following spells:

 Spells                   Type           Power      Damage    Failure   Level
 Conjure Flame            Conj/Fire      16%        6-21      12%         3
 Inner Flame              Hex/Fire       13%        N/A       14%         3
 Flame Wave               Conj/Fire      16%        2d6       36%         4


Dungeon Overview and Level Annotations

Branches:
Dungeon (4/15)
 Temple: D:4-7

Altars:
Cheibriados
Makhleb
Wu Jian

Annotations:
D:2 1 runed translucent door, Crazy Yiuf
D:3 Blork the orc


Innate Abilities, Weirdness & Mutations

You are too large for most types of armour.
You have tough skin. (AC +1)


Message History

* * * LOW HITPOINT WARNING * * *
Your Fighting skill increases to level 4!
You slash the hound!
The hound is heavily wounded.
You feel sick. The hound misses you. The hound bites you.
* * * LOW HITPOINT WARNING * * *
You closely miss the hound.
The hound is heavily wounded.
You feel sick. The hound bites you.
* * * LOW HITPOINT WARNING * * *
The hound closely misses you. x2
You slash the hound!
You kill the hound!
Cheibriados thoroughly appreciates the change of pace.
* * * LOW HITPOINT WARNING * * *
You feel sick.
You are no longer berserk.
You are exhausted.
You feel yourself slow down.
* * * LOW HITPOINT WARNING * * *
You feel sick.
You see here a hound corpse.
There is a lethal amount of poison in your body!
There is a lethal amount of poison in your body!
There is a lethal amount of poison in your body!
There is a lethal amount of poison in your body!
There is a lethal amount of poison in your body!
There is a lethal amount of poison in your body!
There is a lethal amount of poison in your body!
There is a lethal amount of poison in your body!
There is a lethal amount of poison in your body!
You feel more attuned to ice.
j - a ring of ice (left hand)
There is a lethal amount of poison in your body!
There is a lethal amount of poison in your body!
You don't have any unidentified items.
There is a lethal amount of poison in your body!
There is a lethal amount of poison in your body!
Okay, then.
You die...

......... ........#
........# . #.......
.# .
.#......###.##.....
........#.#.........
....................
........†..# #....#
.......#@.## #...#
....#.###.###....#
... #..##).(.#..# .
............# ##
##...##.#:..####.####
....# ###..>.........
..... ####..........
... ...#.............
#. .........(.....#.


There were no monsters in sight!

Vanquished Creatures
  An ogre (D:4)
  A hound (D:4)
  A centaur skeleton (D:4)
  An orc wizard (D:4)
  5 adders
  3 gnolls
  4 worms
  2 dart slugs
  3 orcs
  8 ball pythons
  10 bats
  4 endoplasms
  4 giant cockroaches
  5 hobgoblins
  6 kobolds
  6 quokkas
  5 frilled lizards
  5 goblins
  5 rats
79 creatures vanquished.

Vanquished Creatures (collateral kills)
  2 foxfires (D:1)
2 creatures vanquished.

Vanquished Creatures (others)
  332 foxfires
  3 plants (D:1)
  3 withered plants (D:1)
338 creatures vanquished.

Grand Total: 419 creatures vanquished

Notes
Turn   | Place    | Note
-------+----------+-------------------------------------------
     0 | D:1      | enile the Ogre Fire Elementalist began the quest for the
                  | Orb.
     0 | D:1      | Reached XP level 1. HP: 16/16 MP: 3/3
   110 | D:1      | Reached skill level 1 in Conjurations
   316 | D:1      | Reached XP level 2. HP: 17/24 MP: 3/5
   401 | D:1      | Found a faded altar of an unknown god.
   472 | D:1      | Learned a level 2 spell: Scorch
   988 | D:1      | Reached XP level 3. HP: 29/32 MP: 2/7
  1110 | D:1      | Reached skill level 1 in Fighting
  1344 | D:1      | Prayed at the altar of an unknown god.
  1344 | D:1      | Became a worshipper of Cheibriados the Contemplative
  1344 | D:1      | Reached * piety under Cheibriados
  1744 | D:2      | Reached XP level 4. HP: 45/45 MP: 4/8
  1967 | D:2      | Reached ** piety under Cheibriados
  2723 | D:2      | Found a runed translucent door.
  2733 | D:2      | Noticed Crazy Yiuf
  3168 | D:3      | Found an ornate altar of the Wu Jian Council.
  3664 | D:2      | Reached XP level 5. HP: 24/53 MP: 4/11
  4631 | D:3      | Found a burning altar of Makhleb.
  4905 | D:4      | Noticed Blork the orc
  4913 | D:4      | Reached *** piety under Cheibriados
  5009 | D:4      | Noticed an ogre
  5021 | D:4      | Killed an ogre
  5022 | D:4      | Reached XP level 6. HP: 28/61 MP: 6/12
  5032 | D:4      | HP: 3/93 [hound (3)]
  5034 | D:4      | HP: 1/63 [poisoned by an adder]
  5036 | D:4      | Succumbed to an adder's poison

Illustrated notes

Levels and vault maps discovered:
D:1:      dpeg_arrival_oval, layout_basic, shapermc_ecumenical_altar_flowoftime,
          chequers_serial_rivers_micro_d
D:2:      layout_loops_ring, minmay_circle_x, uniq_crazy_yiuf_cottage
D:3:      wander_river, layout_basic, lemuel_crystal_altar,
          mainiacjoe_overflow_cross_hatched, minivault_26
D:4:      layout_cave_pools, minitemple, grunt_temple_overflow_open,
          gup_sewer_entry_pipe, chequers_ossuary_entry_cave, uniq_eustachio,
          uniq_menkaure, uniq_blork_the_orc

Skill      XL: |  1  2  3  4  5  6 |
---------------+-------------------+-----
Conjurations   | 1 |  1.2
Dodging        | 2 |  2.0
Fighting       | 3 4 |  4.4
Spellcasting   | 4 |  4.0
Fire Magic     | 3 4 |  4.0
Invocations    | 2 |  2.0
Stealth        | |  1.7

Action                   |  1- 3 |  4- 6 || total
-------------------------+-------+-------++-------
Melee: Whip              |    33 |     6 ||    39
       Punch             |     1 |       ||     1
       War axe           |       |     7 ||     7
Throw: Dart              |       |     2 ||     2
 Cast: Foxfire           |    87 |   118 ||   205
       Scorch            |       |     9 ||     9
  Use: Scroll            |       |     5 ||     5
       Potion            |       |     4 ||     4
Armor: Robe              |    11 |    13 ||    24
Dodge: Dodged            |    22 |    37 ||    59

Table legend: (Time is in decaauts)
 A = Elapsed time spent in this place.
 B = Non-inter-level travel time spent in this place.
 C = Inter-level travel time spent in this place.
 D = Time resting spent in this place.
 E = Time spent auto-exploring this place.
 F = Levels seen in this place.
 G = Mean time per level.
                   A        B        C        D        E       F      G
               +--------+--------+--------+--------+--------+-----+--------+
         Total |   5963 |   5437 |    526 |    236 |   4430 |   4 | 1490.8 |
       Dungeon |   5963 |   5437 |    526 |    236 |   4430 |   4 | 1490.8 |
               +--------+--------+--------+--------+--------+-----+--------+

Top non-repeatable levels by time:
     D:2: 2745 daAuts
     D:1: 1592 daAuts
     D:3: 1557 daAuts
     D:4: 67 daAuts
